 Dungeon Crawl Stone Soup version 0.28.0-53-g5a82cb258f (webtiles) character file.

Game seed: 12228132304800454266

12056 ChickenMitten the Summoner (level 11, -8/151 HPs)
             Began as an Ogre Fire Elementalist on Aug 4, 2022.
             Was a Follower of Vehumet.
             Mangled by an Executioner (10 damage)
             ... on level 1 of the Abyss.
             The game lasted 00:57:25 (15717 turns).

ChickenMitten the Summoner (OgFE)                  Turns: 15717, Time: 00:57:25

Health: -8/151     AC: 33    Str: 13 (14) XL:     11   Next: 87%
Magic:  11/23      EV:  1    Int: 19 (20) God:    Vehumet [*.....]
Gold:   415        SH:  0    Dex:  7 (9)  Spells: 2/26 levels left

rFire   + . .      SeeInvis .   L - staff of fire
rCold   . . .      Faith    .   (no shield)
rNeg    . . .      Spirit   .   (armour currently unavailable)
rPois   +          Reflect  .   (helmet currently unavailable)
rElec   .          Harm     .   (cloak currently unavailable)
rCorr   .          Rampage  .   (gloves unavailable)
Will    +....      NoTele   +   (boots unavailable)
Stlth   +.........              (no amulet)
HPRegen 0.35/turn               c - +4 ring of protection
MPRegen 0.18/turn               N - +4 ring of protection

@: tree-form, attractive, hasted, very quick
A: stationary, stasis, torment immunity, boosted hp, large, unfitting armour,
(tough skin 1)
a: Renounce Religion


You were on level 1 of the Abyss.
You worshipped Vehumet.
Vehumet was aware of your devotion.
You were a tree.
You visited 2 branches of the dungeon, and saw 12 of its levels.
You visited the Abyss 1 time.
You also visited: Ossuary.

You collected 830 gold pieces.
You spent 415 gold pieces at shops.

Inventory:

Hand Weapons
 e - a +0 short sword
 k - a +1 long sword of flaming
 m - a +1 spectral quarterstaff
Missiles
 H - a throwing net
Armour
 a - a +0 robe
 d - a +0 cloak (melded)
 q - a +0 pair of boots
 y - the +2 robe of Least Resistance (melded) {*Slow rCorr Int+4}
   (You bought it in a shop on level 4 of the Dungeon)

   Int:       It affects your intelligence (+4).
   rCorr:     It protects you from acid and corrosion.
   *Slow:     It may slow you when you take damage.
 I - the +1 robe of Emynk {Str+2}
   (You found it on level 6 of the Dungeon)

   Str:       It affects your strength (+2).
 P - +0 steam dragon scales
 W - a +1 hat (melded)
Magical Staves
 r - a staff of air
 L - a staff of fire (weapon)
Jewellery
 c - a +4 ring of protection (left branch)
 p - a ring of protection from fire
 D - a ring of protection from fire
 M - a ring of magical power
 N - a +4 ring of protection (right branch)
Wands
 J - a wand of digging (4)
 R - a wand of paralysis (5)
 S - a wand of flame (9)
 T - a wand of iceblast (7)
Scrolls
 f - 5 scrolls of teleportation
 g - a scroll of silence
 h - 3 scrolls of enchant armour
 l - 2 scrolls of fog
 o - a scroll of holy word
 u - 2 scrolls of noise
 v - 4 scrolls of immolation
 x - 2 scrolls of brand weapon
 E - 2 scrolls of fear
 F - a scroll of vulnerability {unknown}
 G - a scroll of amnesia {unknown}
 O - a scroll of enchant weapon {unknown}
 Q - a scroll of magic mapping {unknown}
 U - a scroll of torment {unknown}
Potions
 i - 3 potions of curing
 j - 5 potions of heal wounds {unknown}
 n - a potion of berserk rage
 t - 2 potions of brilliance {unknown}
 w - 2 potions of degeneration
 B - a potion of ambrosia {unknown}
 K - a potion of flight {unknown}
 V - a potion of might {unknown}


   Skills:
 - Level 4.6 Fighting
 - Level 0.2(0.4) Axes
 - Level 0.3(0.4) Maces & Flails
 - Level 0.2 Polearms
 - Level 0.1 Slings
 - Level 0.1 Bows
 - Level 0.1 Crossbows
 - Level 0.2 Throwing
 - Level 1.7 Dodging
 - Level 1.4 Stealth
 - Level 0.1 Shields
 - Level 8.0 Spellcasting
 - Level 3.9 Conjurations
 - Level 0.2 Hexes
 * Level 13.4 Summonings
 - Level 0.1 Necromancy
 - Level 0.8 Transmutations
 - Level 6.3 Fire Magic
 - Level 0.1 Ice Magic
 - Level 0.4 Air Magic
 - Level 0.4 Earth Magic
 - Level 0.2 Poison Magic
 - Level 0.3 Invocations
 - Level 0.2 Evocations


You had 2 spell levels left.
You knew the following spells:

 Your Spells              Type           Power      Damage    Failure   Level
a - Foxfire               Conj/Fire      100%       2x1d9     1%          1
b - Scorch                Fire           94%        2d9       1%          2
c - Conjure Flame         Conj/Fire      40%        6-21      3%          3
d - Flame Wave            Conj/Fire      40%        2d9       11%         4
e - Passwall              Tmut/Erth      7%         N/A       11%         2
f - Summon Forest         Summ/Tloc      16%        N/A       16%         5
g - Summon Hydra          Summ           28%        N/A       30%         7

Your spell library contained the following spells:

 Spells                   Type           Power      Damage    Failure   Level
 Sandblast                Erth           18%        2d7       8%          1
 Ensorcelled Hibernation  Hex/Ice        16%        N/A       13%         2
 Sublimation of Blood     Necr           8%         N/A       13%         2
 Inner Flame              Hex/Fire       30%        N/A       7%          3
 Ignite Poison            Fire/Tmut/Pois 25%        N/A       10%         3
 Sticky Flame             Conj/Fire      40%        2d6       11%         4
 Swiftness                Air            9%         N/A       22%         3
 Gell's Gravitas          Tloc           7%         N/A       26%         3
 Lesser Beckoning         Tloc           7%         N/A       26%         3
 Teleport Other           Tloc           7%         N/A       26%         3
 Petrify                  Tmut/Erth      9%         N/A       56%         4
 Irradiate                Conj/Tmut      8%         3d16      67%         5
 Eringya's Noxious Bog    Tmut/Pois      4%         N/A       100%        6


Dungeon Overview and Level Annotations

Branches:
Dungeon (11/15)            Temple (1/1) D:5         Ossuary (visited)
   Lair: D:8-11         Orc: D:9-12

Altars:
Ashenzari
Cheibriados
Dithmenos
Elyvilon
Fedhas
Gozag
Hepliaklqana
Kikubaaqudgha
Makhleb
Nemelex Xobeh
Okawaru
Qazlal
Ru
Sif Muna
Trog
Uskayaw
Vehumet
Wu Jian
Xom
Yredelemnul
Zin
The Shining One

Shops:
D:4 ?*[(   D:8 =   D:10 ![(([

Annotations:
D:11 Sonja


Innate Abilities, Weirdness & Mutations

You are a tree.
Your roots penetrate the ground, keeping you stationary.
You cannot be teleported.
You are immune to unholy pain and torment.
Your maximum health is greatly increased.
Your equipment is partially melded.
You are too large for most types of armour.
((You have tough skin. (AC +1)))


Message History

The Executioner hits you but does no damage.
The Executioner hits you.
* * * LOW HITPOINT WARNING * * *
Aiming: Paralyse
Press: ? - help, Shift-Dir - straight line, f - Executioner
Aim: an Executioner (fast, chance to affect: 0%)
Okay, then.
It was a potion of lignification.
You turn into a tree.
Your +0 cloak melds into your body.
Your +1 hat melds into your body.
The +2 robe of Least Resistance {*Slow rCorr Int+4} melds into your body.
Your roots penetrate the ground.
You feel strangely stable. The Executioner hits you.
* * * LOW HITPOINT WARNING * * *
The Executioner hits you but does no damage. x8
It was a potion of attraction.
You feel attractive to monsters. The Executioner hits you!!
* * * LOW HITPOINT WARNING * * *
The Executioner hits you but does no damage.
The Executioner hits you.
* * * LOW HITPOINT WARNING * * *
The Executioner hits you but does no damage. x6
The large abomination is attracted toward you.
It was a potion of haste.
You feel yourself speed up.
The Executioner hits you but does no damage. x2
The Executioner hits you.
* * * LOW HITPOINT WARNING * * *
The Executioner hits you.
* * * LOW HITPOINT WARNING * * *
The Executioner hits you but does no damage. x2
The Executioner hits you!
* * * LOW HITPOINT WARNING * * *
The Executioner hits you but does no damage. x2
The large abomination is attracted toward you.
You cannot move.
It was a potion of degeneration.
There was something very wrong with that liquid.
You feel weakened.
You feel dopey.
You feel clumsy. The Executioner hits you!
You die...

.#.....# ...§..#
.....> .... ... .
#§####...
##X.......
###♣.....# ...
#.1##...###..
#.........#....
...####.X........
..# . #..§.......
#. #..#..........
. #......#....
#...###...
#.....# ..


You could see an Executioner (fast) and a large abomination.

Vanquished Creatures
  2 hydras (D:11)
  Erica (D:11)
  3 two-headed ogres
  Pikel (D:5)
  2 centaur zombies
  Maurice (D:9)
  A komodo dragon (D:10)
  A troll (D:9)
  A hornet (D:9)
  Sigmund (D:2)
  5 yaks
  A vampire (D:9)
  A wraith (D:11)
  4 steam dragons
  Menkaure (D:6)
  A water moccasin (D:6)
  5 orc warriors
  A black bear (D:4)
  2 ogres (D:5)
  2 sky beasts
  An ice beast (D:6)
  A wolf (D:9)
  A centaur (D:7)
  A lemure (D:5)
  A bullfrog (D:7)
  6 kobold brigands
  A gnoll sergeant (D:8)
  A water moccasin zombie (D:6)
  A scorpion (D:5)
  4 killer bees (D:8)
  10 wights
  An electric eel (D:11)
  A howler monkey (D:8)
  A jelly (D:4)
  A centaur skeleton (D:7)
  2 hounds
  6 orc priests
  A gnoll shaman (D:7)
  Natasha (thrice) (D:4)
  5 iguanas
  8 orc wizards
  A scorpion zombie (D:5)
  8 mummies (Ossuary)
  3 howler monkey zombies
  Robin (D:3)
  12 gnolls
  4 adders
  A white imp (D:5)
  5 dart slugs
  29 orcs
  6 ball pythons
  8 endoplasms
  17 giant cockroaches
  2 gnoll zombies (Ossuary)
  9 hobgoblins
  34 kobolds
  5 quokkas
  4 bats
  4 frilled lizards
  17 goblins
  2 hobgoblin zombies (Ossuary)
  2 kobold zombies (Ossuary)
  2 orc zombies (Ossuary)
  6 rats
276 creatures vanquished.

Vanquished Creatures (collateral kills)
  A gargoyle (D:11)
  A troll (D:11)
  A yak (D:9)
  An acid dragon (D:11)
  A wolf (D:11)
  A hound (D:11)
6 creatures vanquished.

Vanquished Creatures (others)
  An orc wizard (D:7)
  695 foxfires
696 creatures vanquished.

Grand Total: 978 creatures vanquished

Notes
Turn   | Place    | Note
-------+----------+-------------------------------------------
     0 | D:1      | ChickenMitten the Ogre Fire Elementalist began the quest
                  | for the Orb.
     0 | D:1      | Reached XP level 1. HP: 16/16 MP: 3/3
   223 | D:1      | Reached skill level 1 in Conjurations
   364 | D:1      | Reached XP level 2. HP: 26/26 MP: 1/5
  1210 | D:1      | Reached XP level 3. HP: 32/32 MP: 2/7
  1303 | D:1      | Learned a level 2 spell: Scorch
  1719 | D:2      | Noticed Sigmund
  1801 | D:1      | Reached skill level 1 in Fighting
  1969 | D:2      | Killed Sigmund
  1970 | D:2      | Reached XP level 4. HP: 41/42 MP: 0/10
  1970 | D:2      | Reached XP level 5. HP: 48/49 MP: 0/11
  2364 | D:2      | Found a faded altar of an unknown god.
  2846 | D:3      | Reached XP level 6. HP: 57/57 MP: 3/12
  3417 | D:3      | Noticed Robin
  3430 | D:3      | Killed Robin
  4055 | D:4      | Found Ithresor's Weapon Shop.
  4090 | D:4      | Reached skill level 5 in Spellcasting
  4142 | D:4      | Noticed Natasha
  4145 | D:4      | Killed Natasha
  4234 | D:4      | Noticed Natasha
  4240 | D:4      | Killed Natasha
  4507 | D:4      | Found Lucutoe's Assorted Antiques.
  4522 | D:4      | Bought a diamond ring for 120 gold pieces
  4531 | D:4      | Found Kunamybb's Magic Scroll Shop.
  4595 | D:4      | Found a sand-covered staircase.
  4606 | Ossuary  | Entered an ossuary
  4611 | Ossuary  | Learned a level 3 spell: Conjure Flame
  4625 | Ossuary  | Learned a level 4 spell: Flame Wave
  4645 | Ossuary  | Reached XP level 7. HP: 66/66 MP: 3/14
  5160 | D:4      | Found Iptecew's Antique Armour Boutique.
  5171 | D:4      | Bought a colourful robe for 148 gold pieces
  5171 | D:4      | Identified the +2 robe of Least Resistance {*Slow rCorr
                  | Int+4} (You bought it in a shop on level 4 of the Dungeon)
  5587 | D:4      | Noticed Natasha
  5596 | D:4      | Killed Natasha
  5597 | D:4      | Reached skill level 5 in Fire Magic
  5748 | D:4      | Found a glowing silver altar of Zin.
  5759 | D:4      | Learned a level 2 spell: Passwall
  5947 | D:5      | Entered Level 5 of the Dungeon
  6135 | D:5      | Reached XP level 8. HP: 75/75 MP: 11/17
  6216 | D:5      | Found a staircase to the Ecumenical Temple.
  6218 | D:5      | Found a sacrificial altar of Ru.
  6226 | Temple   | Entered the Ecumenical Temple
  6808 | D:5      | Noticed a two-headed ogre
  6815 | D:5      | Killed a two-headed ogre
  6821 | D:5      | Reached XP level 9. HP: 66/85 MP: 0/21
  6946 | D:5      | Learned a level 5 spell: Summon Forest
  7213 | D:5      | Noticed Pikel
  7243 | D:5      | Killed Pikel
  7244 | D:5      | Reached skill level 3 in Summonings
  7727 | D:6      | Reached skill level 4 in Summonings
  7794 | D:6      | Identified the +1 robe of Emynk {Str+2}
  7899 | D:6      | Found a sparkling altar of Nemelex Xobeh.
  7901 | D:6      | Found a blossoming altar of Fedhas.
  7958 | D:6      | Reached skill level 5 in Summonings
  8161 | D:6      | Noticed Menkaure
  8167 | D:6      | Killed Menkaure
  8168 | D:6      | Reached skill level 6 in Summonings
  8646 | D:7      | Found a hide-covered altar of Uskayaw.
  8652 | D:7      | Found a shadowy altar of Dithmenos.
  8652 | D:7      | Found a broken altar of Ashenzari.
  8657 | D:7      | Found an ancient bone altar of Kikubaaqudgha.
  8679 | D:7      | Found a shimmering blue altar of Sif Muna.
  8856 | D:7      | Reached XP level 10. HP: 92/94 MP: 13/22
  8940 | D:7      | Reached skill level 7 in Summonings
  9366 | D:7      | Found an iron altar of Okawaru.
  9710 | D:7      | Reached skill level 8 in Summonings
  9955 | D:8      | Noticed a two-headed ogre
  9962 | D:8      | Killed a two-headed ogre
 10188 | D:8      | Reached skill level 9 in Summonings
 10375 | D:8      | Found Puin Qylos's Jewellery Emporium.
 11318 | D:8      | Found a radiant altar of Vehumet.
 11323 | D:8      | Became a worshipper of Vehumet
 11465 | D:8      | Noticed a two-headed ogre
 12213 | D:8      | Killed a two-headed ogre
 12214 | D:8      | Reached skill level 10 in Summonings
 12788 | D:9      | Reached XP level 11. HP: 101/101 MP: 14/23
 12802 | D:9      | Reached skill level 11 in Summonings
 12832 | D:9      | Paralysed by a hornet for 1 turns
 13031 | D:9      | Noticed Maurice
 13046 | D:9      | Killed Maurice
 13122 | D:9      | Found a shimmering altar of Xom.
 13551 | D:10     | Entered Level 10 of the Dungeon
 13573 | D:10     | Found Gerysey's Antique Weapon Emporium.
 13746 | D:10     | Reached * piety under Vehumet
 13746 | D:10     | Offered knowledge of Sandblast by Vehumet.
 13865 | D:10     | Found Weom's Distillery.
 14137 | D:10     | Found a burning altar of Makhleb.
 14280 | D:10     | Found Gatilaopa's Antique Weapon Emporium.
 14332 | D:10     | Found Wixyrokk's Antique Armour Emporium.
 14534 | D:10     | Found Fuipry's Antique Armour Shop.
 14542 | D:10     | Bought a glowing hat for 147 gold pieces
 14698 | D:11     | Noticed an eight-headed hydra
 14706 | D:11     | Killed an eight-headed hydra
 14707 | D:11     | Reached skill level 12 in Summonings
 14770 | D:11     | Learned a level 7 spell: Summon Hydra
 15028 | D:11     | Noticed a six-headed hydra
 15046 | D:11     | Killed a six-headed hydra
 15058 | D:11     | Noticed a sixfirhy
 15293 | D:11     | Noticed a two-headed ogre
 15392 | D:11     | Reached skill level 13 in Summonings
 15666 | D:11     | Noticed Erica
 15666 | D:11     | Noticed Sonja
 15675 | D:11     | Killed Erica
 15689 | D:11     | Cast into level 1 of the Abyss (Sonja)
 15697 | Abyss:1  | Noticed an Executioner
 15712 | Abyss:1  | Noticed a tentacled starspawn
 15716 | Abyss:1  | HP: 1/151 [Executioner (9)]
 15717 | Abyss:1  | Mangled by an Executioner

Illustrated notes

Levels and vault maps discovered:
D:1:      lightli_arrival_flooded_house, layout_loops_corners
D:2:      layout_rooms, chequers_ecumenical_altar_island, uniq_sigmund
D:3:      minmay_roachtagon, layout_rooms, uniq_robin
D:4:      layout_loops_ring, zin_scriptorium, serial_shops,
          nicolae_take_the_stairs, shop_statue, nicolae_shop_crystal,
          shop_scrolls, nicolae_ossuary_entry_monument, minmay_crystal_room,
          uniq_natasha
D:5:      layout_loops_corners, mainiacjoe_overflow_boulevard,
          minmay_temple_entry_statues_fountains, uniq_pikel
D:6:      layout_rooms, jmf_multi_god_temple, uniq_menkaure
D:7:      layout_basic, okawaru_trees_2, minitemple, kennysheep_orc_sif_temple,
          grunt_ministairs_12
D:8:      layout_loops_corners, lemuel_doored_altar,
          minmay_shop_enchanted_jewellery
D:9:      layout_irregular_city, mainiacjoe_overflow_brackets,
          statue_in_the_mist_lemuel, uniq_maurice
D:10:     layout_roguey, lightli_temple_of_fire, serial_shops,
          nicolae_shop_hallway_plus, nicolae_shop_waterfront,
          nicolae_shop_stone, kennysheep_mini_moat, shop, columned_hall_lemuel,
          minmay_misc_feat_five
D:11:     layout_roguey, erik_lair_island, orc_0_dummy, special_room
          [special_room_kobold], uniq_erica, uniq_sonja
Temple:   compressed_dpeg_triangle_lava_temple
Abyss:1:  base:
D:9

Skill      XL: |  1  2  3  4  5  6  7  8  9 10 11 |
---------------+----------------------------------+-----
Conjurations   | 1 2 3 |  3.9
Fire Magic     | 3 4 5 6 |  6.3
Spellcasting   | 4 5 6 8 |  8.0
Fighting       | 2 3 4 |  4.6
Summonings     | 6 10 13 | 13.4
Axes           | |  0.2
Maces & Flails | |  0.3
Polearms       | |  0.2
Slings         | |  0.1
Bows           | |  0.1
Crossbows      | |  0.1
Throwing       | |  0.2
Dodging        | |  1.7
Stealth        | |  1.4
Shields        | |  0.1
Hexes          | |  0.2
Necromancy     | |  0.1
Transmutations | |  0.8
Ice Magic      | |  0.1
Air Magic      | |  0.4
Earth Magic    | |  0.4
Poison Magic   | |  0.2
Invocations    | |  0.3
Evocations     | |  0.2

Action                   |  1- 3 |  4- 6 |  7- 9 | 10-12 || total
-------------------------+-------+-------+-------+-------++-------
Melee: Short sword       |     8 |       |       |       ||     8
       Long sword        |       |    14 |     4 |       ||    18
       Staff             |       |       |       |     3 ||     3
 Cast: Foxfire           |    54 |   146 |   153 |   107 ||   460
       Scorch            |    11 |    19 |    66 |   161 ||   257
       Passwall          |       |       |     2 |     2 ||     4
       Conjure Flame     |       |       |       |    22 ||    22
       Flame Wave        |       |       |       |    11 ||    11
       Summon Forest     |       |       |       |     3 ||     3
       Summon Hydra      |       |       |       |     1 ||     1
  Use: Scroll            |       |     6 |       |    12 ||    18
       Potion            |       |       |       |     7 ||     7
Armor: Robe              |    14 |    17 |    15 |    83 ||   129
       Skin              |       |       |       |    21 ||    21
Dodge: Dodged            |     7 |    18 |    18 |    83 ||   126
